St.Louis Blues vs San Jose Sharks
Created - Friday, May 10, 2024 at 09:00
Goals
|
| St.Louis Blues |
1 |
1 |
0 |
0 |
2 |
3 |
| San Jose Sharks |
2 |
0 |
0 |
0 |
0 |
2 |
|
Shots
|
| St.Louis Blues |
16 |
9 |
15 |
0 |
3 |
40 |
| San Jose Sharks |
8 |
6 |
9 |
0 |
2 |
23 |
|
1st period
1. St.Louis Blues , Robert Thomas 32 (Tage Thompson 37, Alex Pietrangelo 23) at 3:23
2. San Jose Sharks , Dylan Strome 26 (Ivan Barbashev 34, Logan Thompson) at 8:34
3. San Jose Sharks , Ilya Mikheyev 8 (Victor Olofsson 11, Derek Forbort 22) at 9:50
Penalties :
Jake Guentzel (STL) for Interference (Minor) at 4:20
2nd period
4. St.Louis Blues , Mikhail Sergachev 10 (Andrew Copp 14, Lawson Crouse 13) at 7:03
Penalties :
Mikhail Sergachev (STL) for Hooking (Minor) at 4:19, Adam Henrique (SJS) for Hooking (Minor) at 8:11, Christopher Tanev (SJS) for Hooking (Minor) at 12:34
3rd period
No Goal
Penalties :
Adam Henrique (SJS) for Holding (Minor) at 4:05, Tage Thompson (STL) for Hooking (Minor) at 11:14
Overtime #1
No Goal
Penalties :
No Penalty
Shootout
St.Louis Blues, Elias Pettersson - Stopped by Logan Thompson
San Jose Sharks, Valeri Nichushkin - Stopped by Scott Wedgewood
St.Louis Blues, Tage Thompson - Goal!
San Jose Sharks, Rickard Rakell - Stopped by Scott Wedgewood
St.Louis Blues, Jack Eichel - Goal!
Penalties :
No Penalty
Goalie Stats
Scott Wedgewood (STL), 21 saves from 23 shots - (0.913), W, 12-5-2, 65:00 minutes
Logan Thompson (SJS), 38 saves from 40 shots - (0.950), OTL, 7-4-3, 65:00 minutes
Players Stats for St.Louis Blues
Player Name G A P +/- PIM S H SB GA TA FO MP PP MP PK MP
------------------------------------------------------------------------------------
Adam Pelech 0 0 0 2 0 2 4 0 0 0 0/0 14:33 0:00 2:46
Alex Pietrangelo 0 1 1 -1 0 0 1 2 0 0 0/0 27:16 2:24 0:00
Alex Tuch 0 0 0 0 0 4 1 0 1 0 0/1 13:29 2:29 0:00
Andrew Copp 0 1 1 -1 0 1 1 0 0 1 1/2 11:41 0:19 2:51
Colton Parayko 0 0 0 -1 0 0 3 1 0 0 0/0 26:04 0:00 3:11
Elias Pettersson 0 0 0 1 0 4 1 0 1 0 2/2 21:24 3:10 0:00
Evander Kane 0 0 0 0 0 2 1 0 0 0 0/0 11:28 2:34 0:00
Jack Eichel 0 0 0 0 0 4 0 0 0 0 10/13 18:44 2:28 0:00
Jake Guentzel 0 0 0 0 2 2 1 0 0 1 0/2 17:26 2:39 0:00
Jake Sanderson 0 0 0 -1 0 1 0 2 0 0 0/0 19:22 0:00 3:11
Lawson Crouse 0 1 1 -1 0 3 1 0 0 0 1/1 12:31 0:50 2:51
Mark Stone 0 0 0 0 0 1 0 0 1 1 1/2 18:21 2:28 0:00
Mikhail Sergachev 1 0 1 0 2 1 3 2 0 0 0/0 20:44 3:33 0:00
Nick Leddy 0 0 0 2 0 1 1 0 0 0 0/0 14:33 0:00 2:46
Nico Sturm 0 0 0 -2 0 1 0 0 0 0 3/9 10:02 0:00 3:06
Robert Thomas 1 0 1 1 0 7 0 0 0 0 11/26 21:31 3:10 0:00
Tage Thompson 0 1 1 1 2 4 1 1 0 0 0/0 20:07 3:33 0:00
Yanni Gourde 0 0 0 0 0 2 0 0 1 0 2/6 14:44 0:08 3:06
Players Stats for San Jose Sharks
Player Name G A P +/- PIM S H SB GA TA FO MP PP MP PK MP
------------------------------------------------------------------------------------
Adam Henrique 0 0 0 0 4 1 0 0 1 0 8/13 20:01 3:54 0:57
Andreas Athanasiou 0 0 0 1 0 0 2 1 0 0 0/1 11:39 0:00 0:00
Christian Dvorak 0 0 0 0 0 1 0 1 0 0 3/10 14:14 0:00 1:23
Christopher Tanev 0 0 0 0 2 1 1 3 0 0 0/0 19:27 0:00 1:39
Derek Forbort 0 1 1 0 0 1 4 3 0 0 0/0 24:48 3:25 2:58
Dylan Strome 1 0 1 1 0 1 0 0 0 0 1/1 15:07 2:03 0:00
Ilya Mikheyev 1 0 1 -1 0 6 0 1 0 0 0/0 10:34 0:00 0:09
Ivan Barbashev 0 1 1 0 0 0 2 0 0 0 0/0 14:48 2:03 0:00
Joel Edmundson 0 0 0 0 0 0 0 0 0 1 0/0 20:05 2:32 2:55
Kailer Yamamoto 0 0 0 1 0 0 3 1 0 1 1/3 12:39 0:00 0:00
Patrik Nemeth 0 0 0 0 0 0 3 1 0 0 0/0 17:56 0:00 0:04
Rickard Rakell 0 0 0 0 0 2 0 0 0 1 0/1 20:29 3:54 2:30
Ryan Hartman 0 0 0 -1 0 1 0 2 1 0 3/5 11:50 0:00 1:16
Simon Benoit 0 0 0 0 0 0 1 5 0 1 0/0 25:17 2:32 3:01
Simon Nemec 0 0 0 0 0 0 3 1 0 0 0/0 23:41 3:25 1:17
Valeri Nichushkin 0 0 0 0 0 4 2 2 0 0 3/7 20:58 3:54 2:51
Victor Olofsson 0 1 1 -1 0 2 0 0 1 0 0/1 10:05 0:00 0:00
William Karlsson 0 0 0 0 0 3 1 0 0 0 14/22 20:22 2:03 2:48
3 Stars
1 - Logan Thompson (SJS)
2 - Robert Thomas (STL)
3 - Mikhail Sergachev (STL)
Power Play
St.Louis Blues - 0 on 3 Attempt(s) - 0.00%
San Jose Sharks - 0 on 3 Attempt(s) - 0.00%
Penalty Kill
St.Louis Blues - 3 on 3 Attempt(s) - 100.00%
- Score 0 goal in Penalty Kill
San Jose Sharks - 3 on 3 Attempt(s) - 100.00%
- Score 0 goal in Penalty Kill
Team Stat
St.Louis Blues - Hits : 19 - Faceoff Wins : 31 - Blocked Shots : 8 - Penalty Minutes : 6
San Jose Sharks - Hits : 22 - Faceoff Wins : 33 - Blocked Shots : 21 - Penalty Minutes : 6
Official
Referees : Jon Mclsaac and TJ Luxmore
Linesman : Shandor Alphonso and Brad Kovachik
Game Notes
No Game Note
Finance
Level 1 -- Attendance: 4689 (78.15%) -- Ticket Income $454,833
Level 2 -- Attendance: 3857 (77.14%) -- Ticket Income $219,849
Level 3 -- Attendance: 2994 (99.80%) -- Ticket Income $98,802
Level 4 -- Attendance: 5000 (100.00%) -- Ticket Income $110,000
Luxury Box -- Attendance: 911 (91.10%) -- Ticket Income $175,823
Game was played at the SAP Center at San Jose.
Total Attendance: 17451 (87.26%)
Total Ticket Income: $1,059,307
Other Income: $370,757
Total Income: $1,430,064
St.Louis Blues
5 vs 5 Forward
Center Left Wing Right Wing Time % Phy DF OF
1 Robert Thomas Elias Pettersson Tage Thompson 40 0 2 3
2 Jack Eichel Jake Guentzel Mark Stone 30 0 2 3
3 Yanni Gourde Alex Tuch Evander Kane 20 1 2 2
4 Nico Sturm Andrew Copp Lawson Crouse 10 1 3 1
5 vs 5 Defense
Defense Defense Time % Phy DF OF
1 Colton Parayko Alex Pietrangelo 45 1 2 2
2 Jake Sanderson Mikhail Sergachev 35 1 2 2
3 Nick Leddy Adam Pelech 20 1 2 2
4 Alex Pietrangelo Mikhail Sergachev 0 1 2 2
PowerPlay Forward
Center Left Wing Right Wing Time % Phy DF OF
1 Robert Thomas Elias Pettersson Jake Guentzel 60 1 0 4
2 Jack Eichel Evander Kane Mark Stone 40 1 0 4
PowerPlay Defense
Defense Defense Time % Phy DF OF
1 Tage Thompson Mikhail Sergachev 60 0 1 4
2 Alex Tuch Alex Pietrangelo 40 0 1 4
Penalty Kill 4 Players Forward
Center Wing Time % Phy DF OF
1 Nico Sturm Yanni Gourde 50 1 4 0
2 Andrew Copp Lawson Crouse 50 1 4 0
Penalty Kill 4 Players Defense
Defense Defense Time % Phy DF OF
1 Jake Sanderson Colton Parayko 50 1 4 0
2 Nick Leddy Adam Pelech 50 1 4 0
Penalty Kill - 3 Players Forward
Forward Time % Phy DF OF
1 Nico Sturm 50 0 5 0
2 Yanni Gourde 50 0 5 0
Penalty Kill - 3 Players Defense
Defense Defense Time % Phy DF OF
1 Jake Sanderson Colton Parayko 50 0 5 0
2 Adam Pelech Nick Leddy 50 0 5 0
4 vs 4 Forward
Center Wing Time % Phy DF OF
1 Robert Thomas Elias Pettersson 50 0 2 3
2 Jack Eichel Mark Stone 50 0 2 3
4 vs 4 Defense
Defense Defense Time % Phy DF OF
1 Alex Pietrangelo Colton Parayko 50 1 2 2
2 Mikhail Sergachev Jake Sanderson 50 1 2 2
Last Minutes Offensive
Center Left Wing Right Wing Defense Defense
Robert Thomas Elias Pettersson Jake Guentzel Tage Thompson Mikhail Sergachev
Last Minutes Defensive
Center Left Wing Right Wing Defense Defense
Nico Sturm Yanni Gourde Lawson Crouse Alex Pietrangelo Colton Parayko
Goaltenders
Starting : Scott Wedgewood
Backup : Connor Hellebuyck
Extra Forwards
Normal : Jack Eichel, Elias Pettersson, Lawson Crouse - PP : Jack Eichel, Elias Pettersson - PK : Elias Pettersson
Extra Defensemen
Normal : Jake Sanderson, Nick Leddy, Colton Parayko - PP : Nick Leddy - PK : Jake Sanderson, Colton Parayko
Penalty Shots
Elias Pettersson, Tage Thompson, Jack Eichel, Alex Tuch, Robert Thomas
San Jose Sharks
5 vs 5 Forward
Center Left Wing Right Wing Time % Phy DF OF
1 William Karlsson Valeri Nichushkin Rickard Rakell 30 1 2 2
2 Christian Dvorak Dylan Strome Ivan Barbashev 30 1 2 2
3 Adam Henrique Andreas Athanasiou Kailer Yamamoto 25 1 2 2
4 Ryan Hartman Victor Olofsson Ilya Mikheyev 15 1 2 2
5 vs 5 Defense
Defense Defense Time % Phy DF OF
1 Christopher Tanev Derek Forbort 35 1 2 2
2 Joel Edmundson Patrik Nemeth 35 1 2 2
3 Simon Benoit Simon Nemec 30 1 2 2
4 Christopher Tanev Derek Forbort 0 1 2 2
PowerPlay Forward
Center Left Wing Right Wing Time % Phy DF OF
1 Adam Henrique Valeri Nichushkin Rickard Rakell 50 1 2 2
2 William Karlsson Dylan Strome Ivan Barbashev 50 1 2 2
PowerPlay Defense
Defense Defense Time % Phy DF OF
1 Simon Benoit Joel Edmundson 50 1 2 2
2 Derek Forbort Simon Nemec 50 1 2 2
Penalty Kill 4 Players Forward
Center Wing Time % Phy DF OF
1 Valeri Nichushkin Rickard Rakell 50 1 2 2
2 Adam Henrique William Karlsson 50 1 2 2
Penalty Kill 4 Players Defense
Defense Defense Time % Phy DF OF
1 Derek Forbort Simon Benoit 50 1 2 2
2 Joel Edmundson Christopher Tanev 50 1 2 2
Penalty Kill - 3 Players Forward
Forward Time % Phy DF OF
1 Valeri Nichushkin 50 1 2 2
2 Rickard Rakell 50 1 2 2
Penalty Kill - 3 Players Defense
Defense Defense Time % Phy DF OF
1 Derek Forbort Christopher Tanev 50 1 2 2
2 Simon Benoit Joel Edmundson 50 1 2 2
4 vs 4 Forward
Center Wing Time % Phy DF OF
1 Valeri Nichushkin Rickard Rakell 50 1 2 2
2 Adam Henrique William Karlsson 50 1 2 2
4 vs 4 Defense
Defense Defense Time % Phy DF OF
1 Simon Benoit Simon Nemec 50 1 2 2
2 Derek Forbort Patrik Nemeth 50 1 2 2
Last Minutes Offensive
Center Left Wing Right Wing Defense Defense
Adam Henrique Valeri Nichushkin Rickard Rakell Joel Edmundson Simon Benoit
Last Minutes Defensive
Center Left Wing Right Wing Defense Defense
Adam Henrique Valeri Nichushkin Rickard Rakell Joel Edmundson Simon Benoit
Goaltenders
Starting : Logan Thompson
Backup : Ilya Samsonov
Extra Forwards
Normal : Kailer Yamamoto, Christian Dvorak, Ryan Hartman - PP : Kailer Yamamoto, Christian Dvorak - PK : Ryan Hartman
Extra Defensemen
Normal : Simon Benoit, Simon Nemec, Derek Forbort - PP : Simon Benoit - PK : Simon Nemec, Derek Forbort
Penalty Shots
Valeri Nichushkin, Rickard Rakell, Adam Henrique, William Karlsson, Dylan Strome
% Time on Ice - St.Louis Blues
Lines # - Real PCT - Wanted PCT - Time Play
Normal Forward
1 - 39% - 40% - 18:34
2 - 30% - 30% - 14:25
3 - 19% - 20% - 9:10
4 - 12% - 10% - 5:57
Normal Defense
1 - 43% - 45% - 20:41
2 - 39% - 35% - 18:35
3 - 18% - 20% - 8:50
4 - 0% - 0% - 0:00
PP Forward
1 - 57% - 60% - 3:23
2 - 43% - 40% - 2:34
PP Defense
1 - 60% - 60% - 3:33
2 - 40% - 40% - 2:24
PK Forward
1 - 52% - 50% - 3:06
2 - 48% - 50% - 2:51
PK Defense
1 - 54% - 50% - 3:11
2 - 46% - 50% - 2:46
PK3 Forward
1 - 0% - 50%
2 - 0% - 50%
PK3 Defense
1 - 0% - 50%
2 - 0% - 50%
44 Forward
1 - 47% - 50% - 2:20
2 - 53% - 50% - 2:40
44 Defense
1 - 49% - 50% - 2:28
2 - 51% - 50% - 2:32
Last Minute Offensive - 0:00
Last Minute Defensive - 0:00
Total
Forward - 65:00
Defense - 65:00
|
% Time on Ice - San Jose Sharks
Lines # - Real PCT - Wanted PCT - Time Play
Normal Forward
1 - 24% - 30% - 11:47
2 - 30% - 30% - 14:35
3 - 24% - 25% - 11:39
4 - 21% - 15% - 10:05
Normal Defense
1 - 36% - 35% - 17:15
2 - 35% - 35% - 17:01
3 - 29% - 30% - 13:50
4 - 0% - 0% - 0:00
PP Forward
1 - 66% - 50% - 3:54
2 - 34% - 50% - 2:03
PP Defense
1 - 43% - 50% - 2:32
2 - 57% - 50% - 3:25
PK Forward
1 - 42% - 50% - 2:30
2 - 58% - 50% - 3:27
PK Defense
1 - 50% - 50% - 2:58
2 - 50% - 50% - 2:59
PK3 Forward
1 - 0% - 50%
2 - 0% - 50%
PK3 Defense
1 - 0% - 50%
2 - 0% - 50%
44 Forward
1 - 50% - 50% - 2:31
2 - 50% - 50% - 2:29
44 Defense
1 - 53% - 50% - 2:38
2 - 47% - 50% - 2:22
Last Minute Offensive - 0:00
Last Minute Defensive - 0:00
Total
Forward - 65:00
Defense - 65:00
|
Play-by-Play
1st period
0:01 of 1st period - William Karlsson wins face-off versus Robert Thomas in neutral zone.
0:06 of 1st period - Colton Parayko is hit by Derek Forbort.
0:14 of 1st period - Snap shot by Valeri Nichushkin.
0:14 of 1st period - Shot Misses the Net.
0:16 of 1st period - Wrist shot by Valeri Nichushkin.
0:16 of 1st period - Shot Misses the Net.
0:28 of 1st period - Slapshot by Ivan Barbashev.
0:28 of 1st period - Shot Misses the Net.
1:49 of 1st period - Backhand shot by Adam Henrique.
1:49 of 1st period - Deflect By Ivan Barbashev.
1:49 of 1st period - Shot Misses the Net.
1:49 of 1st period - Puck is out of play.
1:50 of 1st period - Christian Dvorak wins face-off versus Jake Guentzel in St.Louis Blues zone.
2:05 of 1st period - Snap shot by Mark Stone.
2:05 of 1st period - Deflect By Jack Eichel.
2:05 of 1st period - Stopped by Logan Thompson with a rebound.
2:07 of 1st period - Slapshot by Alex Pietrangelo.
2:07 of 1st period - Shot Blocked by Christopher Tanev.
2:09 of 1st period - Slapshot by Colton Parayko.
2:09 of 1st period - Deflect By Jack Eichel.
2:09 of 1st period - Stopped by Logan Thompson without a rebound.
2:10 of 1st period - Robert Thomas wins face-off versus William Karlsson in San Jose Sharks zone.
2:39 of 1st period - Slapshot by Yanni Gourde.
2:39 of 1st period - Shot Misses the Net.
2:45 of 1st period - Slapshot by Evander Kane.
2:45 of 1st period - Shot Misses the Net.
2:47 of 1st period - Snap shot by Evander Kane.
2:47 of 1st period - Stopped by Logan Thompson without a rebound.
2:48 of 1st period - William Karlsson wins face-off versus Jack Eichel in San Jose Sharks zone.
2:53 of 1st period - Alex Pietrangelo is hit by Derek Forbort and loses puck.
3:14 of 1st period - Alex Pietrangelo is hit by Derek Forbort and loses puck.
3:23 of 1st period - Snap shot by Robert Thomas.
3:23 of 1st period - Goal by Robert Thomas - St.Louis Blues : 1 - San Jose Sharks : 0.
3:24 of 1st period - Yanni Gourde wins face-off versus Adam Henrique in neutral zone.
3:41 of 1st period - Snap shot by Alex Tuch.
3:41 of 1st period - Shot Blocked by Simon Benoit.
3:51 of 1st period - Simon Benoit is hit by Alex Pietrangelo.
4:20 of 1st period - Minor Penalty to Jake Guentzel for Interference.
4:21 of 1st period - Adam Henrique wins face-off versus Nico Sturm in St.Louis Blues zone.
4:23 of 1st period - Wrist shot by Adam Henrique.
4:23 of 1st period - Deflect By Valeri Nichushkin.
4:23 of 1st period - Shot Misses the Net.
4:23 of 1st period - Puck is out of play.
4:24 of 1st period - Adam Henrique wins face-off versus Nico Sturm in St.Louis Blues zone.
4:32 of 1st period - Slapshot by Adam Henrique.
4:32 of 1st period - Shot Misses the Net.
4:50 of 1st period - Snap shot by Adam Henrique.
4:50 of 1st period - Stopped by Scott Wedgewood with a rebound.
4:52 of 1st period - Backhand shot by Derek Forbort.
4:52 of 1st period - Shot Blocked by Jake Sanderson.
5:22 of 1st period - Snap shot by Valeri Nichushkin.
5:22 of 1st period - Shot Blocked by Colton Parayko.
5:36 of 1st period - Snap shot by Adam Henrique.
5:36 of 1st period - Shot Misses the Net.
5:49 of 1st period - Icing by Adam Henrique.
5:50 of 1st period - Adam Henrique wins face-off versus Nico Sturm in San Jose Sharks zone.
6:20 of 1st period - Penalty to Jake Guentzel is over, Jake Guentzel is back on ice.
6:20 of 1st period - Icing by Nick Leddy.
6:21 of 1st period - Nico Sturm wins face-off versus Christian Dvorak in St.Louis Blues zone.
6:46 of 1st period - Ryan Hartman is hit by Adam Pelech.
7:14 of 1st period - Slapshot by Jake Guentzel.
7:14 of 1st period - Shot Blocked by Ryan Hartman.
7:36 of 1st period - Snap shot by Christian Dvorak.
7:36 of 1st period - Stopped by Scott Wedgewood with a rebound.
8:34 of 1st period - Wrist shot by Dylan Strome.
8:34 of 1st period - Goal by Dylan Strome - St.Louis Blues : 1 - San Jose Sharks : 1.
8:35 of 1st period - Robert Thomas wins face-off versus William Karlsson in neutral zone.
8:40 of 1st period - Slapshot by Elias Pettersson.
8:40 of 1st period - Stopped by Logan Thompson with a rebound.
8:42 of 1st period - Wrist shot by Robert Thomas.
8:42 of 1st period - Shot Misses the Net.
8:48 of 1st period - Slapshot by Elias Pettersson.
8:48 of 1st period - Shot Blocked by Derek Forbort.
9:50 of 1st period - Snap shot by Ilya Mikheyev.
9:50 of 1st period - Goal by Ilya Mikheyev - St.Louis Blues : 1 - San Jose Sharks : 2.
9:51 of 1st period - William Karlsson wins face-off versus Robert Thomas in neutral zone.
10:08 of 1st period - Wrist shot by Elias Pettersson.
10:08 of 1st period - Stopped by Logan Thompson with a rebound.
10:18 of 1st period - Kailer Yamamoto is hit by Jake Guentzel and loses puck.
10:29 of 1st period - Slapshot by Jack Eichel.
10:29 of 1st period - Stopped by Logan Thompson with a rebound.
11:23 of 1st period - Joel Edmundson is hit by Nick Leddy and loses puck.
11:32 of 1st period - Wrist shot by Elias Pettersson.
11:32 of 1st period - Stopped by Logan Thompson with a rebound.
11:34 of 1st period - Slapshot by Colton Parayko.
11:34 of 1st period - Deflect By Elias Pettersson.
11:34 of 1st period - Shot Blocked by Valeri Nichushkin.
11:34 of 1st period - Puck is out of play.
11:35 of 1st period - Mark Stone wins face-off versus Adam Henrique in San Jose Sharks zone.
12:08 of 1st period - Derek Forbort is hit by Colton Parayko and loses puck.
12:31 of 1st period - Slapshot by Alex Tuch.
12:31 of 1st period - Stopped by Logan Thompson without a rebound.
12:32 of 1st period - Robert Thomas wins face-off versus William Karlsson in San Jose Sharks zone.
13:12 of 1st period - Backhand shot by Mark Stone.
13:12 of 1st period - Stopped by Logan Thompson with a rebound.
13:14 of 1st period - Slapshot by Adam Pelech.
13:14 of 1st period - Stopped by Logan Thompson without a rebound.
13:15 of 1st period - Yanni Gourde wins face-off versus Christian Dvorak in San Jose Sharks zone.
13:16 of 1st period - Wrist shot by Alex Tuch.
13:16 of 1st period - Shot Hit the Post.
13:47 of 1st period - Slapshot by William Karlsson.
13:47 of 1st period - Shot Misses the Net.
13:49 of 1st period - Slapshot by Patrik Nemeth.
13:49 of 1st period - Shot Misses the Net.
13:51 of 1st period - Wrist shot by Rickard Rakell.
13:51 of 1st period - Stopped by Scott Wedgewood without a rebound.
13:52 of 1st period - Jack Eichel wins face-off versus Andreas Athanasiou in St.Louis Blues zone.
14:08 of 1st period - Off-side.
14:09 of 1st period - Robert Thomas wins face-off versus William Karlsson in neutral zone.
15:51 of 1st period - Wrist shot by Elias Pettersson.
15:51 of 1st period - Shot Misses the Net.
16:09 of 1st period - Wrist shot by Alex Tuch.
16:09 of 1st period - Stopped by Logan Thompson with a rebound.
16:11 of 1st period - Slapshot by Adam Pelech.
16:11 of 1st period - Deflect By Evander Kane.
16:11 of 1st period - Deflect By Ivan Barbashev.
16:11 of 1st period - Shot Blocked by Patrik Nemeth.
16:11 of 1st period - Puck is out of play.
16:12 of 1st period - William Karlsson wins face-off versus Robert Thomas in San Jose Sharks zone.
16:19 of 1st period - Wrist shot by Elias Pettersson.
16:19 of 1st period - Shot Blocked by Valeri Nichushkin.
16:21 of 1st period - Wrist shot by Robert Thomas.
16:21 of 1st period - Stopped by Logan Thompson with a rebound.
16:23 of 1st period - Slapshot by Nick Leddy.
16:23 of 1st period - Stopped by Logan Thompson with a rebound.
16:29 of 1st period - Snap shot by Robert Thomas.
16:29 of 1st period - Stopped by Logan Thompson with a rebound.
17:09 of 1st period - Wrist shot by Ilya Mikheyev.
17:09 of 1st period - Shot Blocked by Mikhail Sergachev.
17:11 of 1st period - Slapshot by Derek Forbort.
17:11 of 1st period - Stopped by Scott Wedgewood with a rebound.
18:57 of 1st period - Snap shot by Jake Guentzel.
18:57 of 1st period - Stopped by Logan Thompson without a rebound.
18:58 of 1st period - Jack Eichel wins face-off versus William Karlsson in San Jose Sharks zone.
19:25 of 1st period - Tage Thompson is hit by Ivan Barbashev and loses puck.
19:50 of 1st period - Snap shot by Ryan Hartman.
19:50 of 1st period - Shot Misses the Net.
19:52 of 1st period - Slapshot by Ilya Mikheyev.
19:52 of 1st period - Shot Hit the Post.
19:54 of 1st period - Wrist shot by Ilya Mikheyev.
19:54 of 1st period - Stopped by Scott Wedgewood with a rebound.
19:56 of 1st period - Slapshot by Christopher Tanev.
19:56 of 1st period - Stopped by Scott Wedgewood without a rebound.
19:57 of 1st period - Adam Henrique wins face-off versus Mark Stone in St.Louis Blues zone.
Goals for this period are 1 for St.Louis Blues vs 2 for San Jose Sharks.
Shots for this period are 16 for St.Louis Blues vs 8 for San Jose Sharks.
2nd period
0:01 of 2nd period - William Karlsson wins face-off versus Robert Thomas in neutral zone.
0:14 of 2nd period - Wrist shot by Robert Thomas.
0:14 of 2nd period - Shot Misses the Net.
0:16 of 2nd period - Snap shot by Elias Pettersson.
0:16 of 2nd period - Shot Blocked by Derek Forbort.
0:26 of 2nd period - Colton Parayko is hit by Andreas Athanasiou and loses puck.
0:44 of 2nd period - Icing by Kailer Yamamoto.
0:45 of 2nd period - Adam Henrique wins face-off versus Yanni Gourde in San Jose Sharks zone.
0:45 of 2nd period - Adam Henrique is hit by Evander Kane.
1:46 of 2nd period - Icing by Ilya Mikheyev.
1:47 of 2nd period - Robert Thomas wins face-off versus Victor Olofsson in San Jose Sharks zone.
1:48 of 2nd period - Wrist shot by Elias Pettersson.
1:48 of 2nd period - Shot Misses the Net.
1:56 of 2nd period - Wrist shot by Victor Olofsson.
1:56 of 2nd period - Shot Misses the Net.
2:00 of 2nd period - Snap shot by Ryan Hartman.
2:00 of 2nd period - Shot Misses the Net.
2:02 of 2nd period - Backhand shot by Simon Benoit.
2:02 of 2nd period - Shot Blocked by Alex Pietrangelo.
2:04 of 2nd period - Snap shot by Victor Olofsson.
2:04 of 2nd period - Stopped by Scott Wedgewood with a rebound.
2:06 of 2nd period - Backhand shot by Ilya Mikheyev.
2:06 of 2nd period - Shot Blocked by Tage Thompson.
3:10 of 2nd period - Slapshot by Ryan Hartman.
3:10 of 2nd period - Shot Misses the Net.
3:24 of 2nd period - Wrist shot by Ilya Mikheyev.
3:24 of 2nd period - Stopped by Scott Wedgewood without a rebound.
3:25 of 2nd period - Jack Eichel wins face-off versus Christian Dvorak in St.Louis Blues zone.
3:25 of 2nd period - Jack Eichel is hit by Ivan Barbashev.
3:35 of 2nd period - Wrist shot by Jake Guentzel.
3:35 of 2nd period - Stopped by Logan Thompson with a rebound.
3:41 of 2nd period - Wrist shot by Dylan Strome.
3:41 of 2nd period - Shot Misses the Net.
4:00 of 2nd period - Snap shot by Jack Eichel.
4:00 of 2nd period - Stopped by Logan Thompson without a rebound.
4:01 of 2nd period - William Karlsson wins face-off versus Yanni Gourde in San Jose Sharks zone.
4:12 of 2nd period - Snap shot by Evander Kane.
4:12 of 2nd period - Stopped by Logan Thompson without a rebound.
4:13 of 2nd period - Christian Dvorak wins face-off versus Nico Sturm in San Jose Sharks zone.
4:19 of 2nd period - Minor Penalty to Mikhail Sergachev for Hooking.
4:20 of 2nd period - William Karlsson wins face-off versus Nico Sturm in St.Louis Blues zone.
4:36 of 2nd period - Wrist shot by William Karlsson.
4:36 of 2nd period - Shot Misses the Net.
4:46 of 2nd period - Joel Edmundson is hit by Adam Pelech.
6:19 of 2nd period - Penalty to Mikhail Sergachev is over, Mikhail Sergachev is back on ice.
6:37 of 2nd period - Snap shot by Lawson Crouse.
6:37 of 2nd period - Stopped by Logan Thompson with a rebound.
6:57 of 2nd period - Backhand shot by Lawson Crouse.
6:57 of 2nd period - Stopped by Logan Thompson with a rebound.
7:01 of 2nd period - Wrist shot by Mikhail Sergachev.
7:01 of 2nd period - Shot Blocked by Ilya Mikheyev.
7:03 of 2nd period - Wrist shot by Mikhail Sergachev.
7:03 of 2nd period - Goal by Mikhail Sergachev - St.Louis Blues : 2 - San Jose Sharks : 2.
7:04 of 2nd period - Christian Dvorak wins face-off versus Robert Thomas in neutral zone.
8:03 of 2nd period - Alex Tuch is hit by Kailer Yamamoto and loses puck.
8:11 of 2nd period - Minor Penalty to Adam Henrique for Hooking.
8:12 of 2nd period - Valeri Nichushkin wins face-off versus Robert Thomas in San Jose Sharks zone.
8:17 of 2nd period - Tage Thompson is hit by Valeri Nichushkin and loses puck.
10:11 of 2nd period - Penalty to Adam Henrique is over, Adam Henrique is back on ice.
10:25 of 2nd period - Andrew Copp is hit by Andreas Athanasiou and loses puck.
10:34 of 2nd period - Icing by Adam Pelech.
10:35 of 2nd period - Nico Sturm wins face-off versus Ryan Hartman in St.Louis Blues zone.
10:51 of 2nd period - Snap shot by Alex Tuch.
10:51 of 2nd period - Shot Blocked by Simon Benoit.
11:10 of 2nd period - Ivan Barbashev is hit by Adam Pelech and loses puck.
11:20 of 2nd period - Off-side.
11:21 of 2nd period - William Karlsson wins face-off versus Robert Thomas in neutral zone.
11:30 of 2nd period - Snap shot by Valeri Nichushkin.
11:30 of 2nd period - Stopped by Scott Wedgewood with a rebound.
11:32 of 2nd period - Slapshot by Joel Edmundson.
11:32 of 2nd period - Shot Misses the Net.
11:34 of 2nd period - Snap shot by Valeri Nichushkin.
11:34 of 2nd period - Stopped by Scott Wedgewood without a rebound.
11:35 of 2nd period - Jack Eichel wins face-off versus Christian Dvorak in St.Louis Blues zone.
12:07 of 2nd period - Slapshot by Robert Thomas.
12:07 of 2nd period - Deflect By Tage Thompson.
12:07 of 2nd period - Stopped by Logan Thompson with a rebound.
12:09 of 2nd period - Slapshot by Mikhail Sergachev.
12:09 of 2nd period - Shot Blocked by Christian Dvorak.
12:26 of 2nd period - Off-side.
12:27 of 2nd period - William Karlsson wins face-off versus Yanni Gourde in neutral zone.
12:31 of 2nd period - Off-side.
12:32 of 2nd period - William Karlsson wins face-off versus Robert Thomas in neutral zone.
12:34 of 2nd period - Minor Penalty to Christopher Tanev for Hooking.
12:35 of 2nd period - Elias Pettersson wins face-off versus Valeri Nichushkin in San Jose Sharks zone.
12:52 of 2nd period - Wrist shot by Elias Pettersson.
12:52 of 2nd period - Shot Misses the Net.
14:29 of 2nd period - William Karlsson is hit by Lawson Crouse and loses puck.
14:34 of 2nd period - Penalty to Christopher Tanev is over, Christopher Tanev is back on ice.
15:10 of 2nd period - Snap shot by William Karlsson.
15:10 of 2nd period - Stopped by Scott Wedgewood with a rebound.
15:16 of 2nd period - Christopher Tanev is hit by Alex Tuch and loses puck.
15:35 of 2nd period - Lawson Crouse is hit by Patrik Nemeth.
15:43 of 2nd period - Wrist shot by Andrew Copp.
15:43 of 2nd period - Stopped by Logan Thompson with a rebound.
15:45 of 2nd period - Slapshot by Andrew Copp.
15:45 of 2nd period - Shot Blocked by Simon Benoit.
15:47 of 2nd period - Snap shot by Alex Pietrangelo.
15:47 of 2nd period - Shot Misses the Net.
15:57 of 2nd period - Snap shot by Andrew Copp.
15:57 of 2nd period - Shot Misses the Net.
16:17 of 2nd period - Snap shot by William Karlsson.
16:17 of 2nd period - Stopped by Scott Wedgewood without a rebound.
16:18 of 2nd period - Jack Eichel wins face-off versus Christian Dvorak in St.Louis Blues zone.
16:41 of 2nd period - Icing by Ivan Barbashev.
16:42 of 2nd period - Robert Thomas wins face-off versus Christian Dvorak in San Jose Sharks zone.
16:55 of 2nd period - Ivan Barbashev is hit by Mikhail Sergachev.
17:03 of 2nd period - Joel Edmundson is hit by Mikhail Sergachev and loses puck.
17:24 of 2nd period - Slapshot by Jake Sanderson.
17:24 of 2nd period - Stopped by Logan Thompson with a rebound.
18:02 of 2nd period - Robert Thomas is hit by Derek Forbort and loses puck.
18:33 of 2nd period - Jake Sanderson is hit by Valeri Nichushkin.
19:40 of 2nd period - Elias Pettersson is hit by Simon Nemec and loses puck.
Goals for this period are 1 for St.Louis Blues vs 0 for San Jose Sharks.
Shots for this period are 9 for St.Louis Blues vs 6 for San Jose Sharks.
3rd period
0:01 of 3rd period - Jack Eichel wins face-off versus Valeri Nichushkin in neutral zone.
0:27 of 3rd period - Adam Henrique is hit by Tage Thompson and loses puck.
1:19 of 3rd period - Wrist shot by Lawson Crouse.
1:19 of 3rd period - Shot Misses the Net.
1:40 of 3rd period - Snap shot by Jake Guentzel.
1:40 of 3rd period - Shot Blocked by Ryan Hartman.
2:14 of 3rd period - Robert Thomas is hit by Simon Benoit and loses puck.
2:19 of 3rd period - Snap shot by Ilya Mikheyev.
2:19 of 3rd period - Stopped by Scott Wedgewood with a rebound.
2:31 of 3rd period - Slapshot by Tage Thompson.
2:31 of 3rd period - Shot Blocked by Christopher Tanev.
2:43 of 3rd period - Icing by Tage Thompson.
2:44 of 3rd period - William Karlsson wins face-off versus Robert Thomas in St.Louis Blues zone.
2:45 of 3rd period - Snap shot by Valeri Nichushkin.
2:45 of 3rd period - Stopped by Scott Wedgewood with a rebound.
2:59 of 3rd period - Snap shot by Robert Thomas.
2:59 of 3rd period - Stopped by Logan Thompson with a rebound.
3:03 of 3rd period - Slapshot by Robert Thomas.
3:03 of 3rd period - Deflect By Elias Pettersson.
3:03 of 3rd period - Stopped by Logan Thompson without a rebound.
3:04 of 3rd period - Adam Henrique wins face-off versus Jack Eichel in San Jose Sharks zone.
3:10 of 3rd period - Off-side.
3:11 of 3rd period - Jack Eichel wins face-off versus Adam Henrique in neutral zone.
3:18 of 3rd period - Snap shot by Jack Eichel.
3:18 of 3rd period - Shot Blocked by Andreas Athanasiou.
3:20 of 3rd period - Wrist shot by Alex Pietrangelo.
3:20 of 3rd period - Shot Blocked by Kailer Yamamoto.
3:22 of 3rd period - Wrist shot by Alex Pietrangelo.
3:22 of 3rd period - Shot Misses the Net.
3:24 of 3rd period - Slapshot by Alex Pietrangelo.
3:24 of 3rd period - Shot Blocked by Christopher Tanev.
4:05 of 3rd period - Minor Penalty to Adam Henrique for Holding.
4:06 of 3rd period - Robert Thomas wins face-off versus Valeri Nichushkin in San Jose Sharks zone.
5:10 of 3rd period - Tage Thompson is hit by William Karlsson and loses puck.
6:05 of 3rd period - Penalty to Adam Henrique is over, Adam Henrique is back on ice.
6:13 of 3rd period - Alex Pietrangelo is hit by Simon Nemec and loses puck.
6:26 of 3rd period - Evander Kane is hit by Simon Nemec and loses puck.
6:59 of 3rd period - Wrist shot by Ilya Mikheyev.
6:59 of 3rd period - Stopped by Scott Wedgewood without a rebound.
7:00 of 3rd period - Ryan Hartman wins face-off versus Robert Thomas in St.Louis Blues zone.
7:19 of 3rd period - Mark Stone is hit by Christopher Tanev and loses puck.
7:34 of 3rd period - Wrist shot by Adam Henrique.
7:34 of 3rd period - Deflect By Kailer Yamamoto.
7:34 of 3rd period - Shot Misses the Net.
7:34 of 3rd period - Puck is out of play.
7:35 of 3rd period - Kailer Yamamoto wins face-off versus Nico Sturm in St.Louis Blues zone.
8:12 of 3rd period - Off-side.
8:13 of 3rd period - Adam Henrique wins face-off versus Robert Thomas in neutral zone.
8:40 of 3rd period - Alex Tuch is hit by Patrik Nemeth and loses puck.
9:13 of 3rd period - Christopher Tanev is hit by Adam Pelech and loses puck.
9:30 of 3rd period - Wrist shot by Tage Thompson.
9:30 of 3rd period - Stopped by Logan Thompson with a rebound.
9:32 of 3rd period - Wrist shot by Alex Pietrangelo.
9:32 of 3rd period - Deflect By Elias Pettersson.
9:32 of 3rd period - Shot Misses the Net.
9:32 of 3rd period - Puck is out of play.
9:33 of 3rd period - Robert Thomas wins face-off versus William Karlsson in San Jose Sharks zone.
9:48 of 3rd period - Wrist shot by Valeri Nichushkin.
9:48 of 3rd period - Stopped by Scott Wedgewood with a rebound.
9:54 of 3rd period - Simon Benoit is hit by Colton Parayko and loses puck.
10:25 of 3rd period - Snap shot by Ryan Hartman.
10:25 of 3rd period - Stopped by Scott Wedgewood with a rebound.
10:27 of 3rd period - Snap shot by Ilya Mikheyev.
10:27 of 3rd period - Shot Blocked by Jake Sanderson.
10:29 of 3rd period - Slapshot by Victor Olofsson.
10:29 of 3rd period - Deflect By Ilya Mikheyev.
10:29 of 3rd period - Stopped by Scott Wedgewood without a rebound.
10:30 of 3rd period - Elias Pettersson wins face-off versus Ryan Hartman in St.Louis Blues zone.
10:32 of 3rd period - Icing by Mikhail Sergachev.
10:33 of 3rd period - William Karlsson wins face-off versus Robert Thomas in St.Louis Blues zone.
10:40 of 3rd period - Snap shot by Rickard Rakell.
10:40 of 3rd period - Stopped by Scott Wedgewood with a rebound.
10:42 of 3rd period - Wrist shot by Valeri Nichushkin.
10:42 of 3rd period - Deflect By William Karlsson.
10:42 of 3rd period - Shot Blocked by Mikhail Sergachev.
10:42 of 3rd period - Puck is out of play.
10:43 of 3rd period - Robert Thomas wins face-off versus William Karlsson in St.Louis Blues zone.
10:52 of 3rd period - Icing by Rickard Rakell.
10:53 of 3rd period - Valeri Nichushkin wins face-off versus Robert Thomas in San Jose Sharks zone.
10:53 of 3rd period - Valeri Nichushkin is hit by Colton Parayko.
11:01 of 3rd period - Snap shot by Valeri Nichushkin.
11:01 of 3rd period - Deflect By Rickard Rakell.
11:01 of 3rd period - Shot Blocked by Alex Pietrangelo.
11:01 of 3rd period - Puck is out of play.
11:02 of 3rd period - William Karlsson wins face-off versus Robert Thomas in St.Louis Blues zone.
11:14 of 3rd period - Minor Penalty to Tage Thompson for Hooking.
11:15 of 3rd period - Andrew Copp wins face-off versus William Karlsson in St.Louis Blues zone.
11:30 of 3rd period - Snap shot by Nico Sturm.
11:30 of 3rd period - Stopped by Logan Thompson with a rebound.
11:32 of 3rd period - Snap shot by Nico Sturm.
11:32 of 3rd period - Deflect By Yanni Gourde.
11:32 of 3rd period - Shot Misses the Net.
11:32 of 3rd period - Puck is out of play.
11:33 of 3rd period - Adam Henrique wins face-off versus Andrew Copp in San Jose Sharks zone.
11:58 of 3rd period - Snap shot by Yanni Gourde.
11:58 of 3rd period - Stopped by Logan Thompson with a rebound.
13:14 of 3rd period - Penalty to Tage Thompson is over, Tage Thompson is back on ice.
13:17 of 3rd period - Wrist shot by Tage Thompson.
13:17 of 3rd period - Deflect By Yanni Gourde.
13:17 of 3rd period - Stopped by Logan Thompson with a rebound.
13:37 of 3rd period - Snap shot by Tage Thompson.
13:37 of 3rd period - Shot Misses the Net.
13:43 of 3rd period - Wrist shot by Tage Thompson.
13:43 of 3rd period - Shot Misses the Net.
13:45 of 3rd period - Wrist shot by Tage Thompson.
13:45 of 3rd period - Stopped by Logan Thompson with a rebound.
13:47 of 3rd period - Snap shot by Yanni Gourde.
13:47 of 3rd period - Shot Misses the Net.
13:49 of 3rd period - Snap shot by Tage Thompson.
13:49 of 3rd period - Stopped by Logan Thompson without a rebound.
13:50 of 3rd period - Ryan Hartman wins face-off versus Jake Guentzel in San Jose Sharks zone.
14:17 of 3rd period - Colton Parayko is hit by Kailer Yamamoto and loses puck.
14:24 of 3rd period - Derek Forbort is hit by Elias Pettersson and loses puck.
14:34 of 3rd period - Off-side.
14:35 of 3rd period - Jack Eichel wins face-off versus Christian Dvorak in neutral zone.
14:38 of 3rd period - Slapshot by Alex Tuch.
14:38 of 3rd period - Shot Misses the Net.
14:40 of 3rd period - Snap shot by Jack Eichel.
14:40 of 3rd period - Shot Blocked by Simon Nemec.
14:42 of 3rd period - Snap shot by Alex Tuch.
14:42 of 3rd period - Stopped by Logan Thompson without a rebound.
14:43 of 3rd period - Robert Thomas wins face-off versus Kailer Yamamoto in San Jose Sharks zone.
14:50 of 3rd period - Wrist shot by Elias Pettersson.
14:50 of 3rd period - Shot Misses the Net.
14:52 of 3rd period - Wrist shot by Robert Thomas.
14:52 of 3rd period - Stopped by Logan Thompson with a rebound.
14:54 of 3rd period - Snap shot by Tage Thompson.
14:54 of 3rd period - Shot Misses the Net.
14:56 of 3rd period - Snap shot by Elias Pettersson.
14:56 of 3rd period - Shot Blocked by Simon Benoit.
14:58 of 3rd period - Snap shot by Robert Thomas.
14:58 of 3rd period - Stopped by Logan Thompson with a rebound.
15:00 of 3rd period - Snap shot by Robert Thomas.
15:00 of 3rd period - Stopped by Logan Thompson without a rebound.
15:01 of 3rd period - William Karlsson wins face-off versus Yanni Gourde in San Jose Sharks zone.
15:14 of 3rd period - Snap shot by William Karlsson.
15:14 of 3rd period - Stopped by Scott Wedgewood with a rebound.
16:11 of 3rd period - Icing by Jake Guentzel.
16:12 of 3rd period - Ryan Hartman wins face-off versus Jack Eichel in St.Louis Blues zone.
16:15 of 3rd period - Wrist shot by Victor Olofsson.
16:15 of 3rd period - Stopped by Scott Wedgewood with a rebound.
17:30 of 3rd period - Snap shot by Lawson Crouse.
17:30 of 3rd period - Stopped by Logan Thompson with a rebound.
17:46 of 3rd period - Wrist shot by Jake Guentzel.
17:46 of 3rd period - Shot Blocked by Derek Forbort.
17:48 of 3rd period - Slapshot by Adam Pelech.
17:48 of 3rd period - Stopped by Logan Thompson without a rebound.
17:49 of 3rd period - Jack Eichel wins face-off versus Adam Henrique in San Jose Sharks zone.
18:14 of 3rd period - Mikhail Sergachev is hit by Patrik Nemeth and loses puck.
18:29 of 3rd period - Ivan Barbashev is hit by Andrew Copp.
18:50 of 3rd period - Icing by Lawson Crouse.
18:51 of 3rd period - Nico Sturm wins face-off versus Kailer Yamamoto in St.Louis Blues zone.
18:57 of 3rd period - Slapshot by Mikhail Sergachev.
18:57 of 3rd period - Shot Misses the Net.
18:59 of 3rd period - Slapshot by Nico Sturm.
18:59 of 3rd period - Shot Misses the Net.
19:01 of 3rd period - Snap shot by Nico Sturm.
19:01 of 3rd period - Shot Misses the Net.
19:03 of 3rd period - Wrist shot by Andrew Copp.
19:03 of 3rd period - Shot Blocked by Simon Benoit.
19:05 of 3rd period - Slapshot by Mikhail Sergachev.
19:05 of 3rd period - Deflect By Nico Sturm.
19:05 of 3rd period - Deflect By Simon Nemec.
19:05 of 3rd period - Shot Misses the Net.
19:05 of 3rd period - Puck is out of play.
19:06 of 3rd period - Dylan Strome wins face-off versus Alex Tuch in San Jose Sharks zone.
19:13 of 3rd period - Snap shot by Alex Tuch.
19:13 of 3rd period - Stopped by Logan Thompson with a rebound.
19:36 of 3rd period - Alex Pietrangelo is hit by Kailer Yamamoto and loses puck.
Goals for this period are 0 for St.Louis Blues vs 0 for San Jose Sharks.
Shots for this period are 15 for St.Louis Blues vs 9 for San Jose Sharks.
Overtime #1
0:01 of 1st overtime period - Robert Thomas wins face-off versus Valeri Nichushkin in neutral zone.
1:51 of 1st overtime period - Icing by Simon Benoit.
1:52 of 1st overtime period - Lawson Crouse wins face-off versus Adam Henrique in San Jose Sharks zone.
1:59 of 1st overtime period - Snap shot by Lawson Crouse.
1:59 of 1st overtime period - Shot Misses the Net.
2:01 of 1st overtime period - Slapshot by Jake Sanderson.
2:01 of 1st overtime period - Shot Misses the Net.
2:31 of 1st overtime period - Rickard Rakell is hit by Mikhail Sergachev and loses puck.
2:43 of 1st overtime period - Icing by Patrik Nemeth.
2:44 of 1st overtime period - Valeri Nichushkin wins face-off versus Robert Thomas in San Jose Sharks zone.
3:22 of 1st overtime period - Icing by Derek Forbort.
3:23 of 1st overtime period - Jack Eichel wins face-off versus Rickard Rakell in San Jose Sharks zone.
Goals for this period are 0 for St.Louis Blues vs 0 for San Jose Sharks.
Shots for this period are 0 for St.Louis Blues vs 0 for San Jose Sharks.
ShootOut
5:00 of 1st overtime period - Round #1.
5:00 of 1st overtime period - St.Louis Blues, Elias Pettersson.
5:00 of 1st overtime period - Backhand shot by Elias Pettersson.
5:00 of 1st overtime period - Stopped by Logan Thompson.
5:00 of 1st overtime period - San Jose Sharks, Valeri Nichushkin.
5:00 of 1st overtime period - Deke by Valeri Nichushkin.
5:00 of 1st overtime period - Stopped by Scott Wedgewood.
5:00 of 1st overtime period - Round #2.
5:00 of 1st overtime period - St.Louis Blues, Tage Thompson.
5:00 of 1st overtime period - Backhand shot by Tage Thompson.
5:00 of 1st overtime period - Goal by Tage Thompson.
5:00 of 1st overtime period - San Jose Sharks, Rickard Rakell.
5:00 of 1st overtime period - Snap shot by Rickard Rakell.
5:00 of 1st overtime period - Stopped by Scott Wedgewood.
5:00 of 1st overtime period - Round #3.
5:00 of 1st overtime period - St.Louis Blues, Jack Eichel.
5:00 of 1st overtime period - Wrist shot by Jack Eichel.
5:00 of 1st overtime period - Goal by Jack Eichel.
Back to the Top